 Dungeon Crawl Stone Soup version 0.25.0-26-g0c896c7088 (webtiles) character file.

Game seed: 2574661933937228276

56 MisterFreud the Insei (level 3, -8/29 HPs)
             Began as a Demonspawn Abyssal Knight on July 5, 2020.
             Was a Believer of Lugonu.
             Mangled by a worm (11 damage)
             ... on level 2 of the Dungeon.
             The game lasted 00:01:56 (2286 turns).

MisterFreud the Insei (Demonspawn Abyssal Knight)   Turns: 2286, Time: 00:01:56

Health: -8/29      AC:  4    Str: 12    XL:     3   Next: 69%
Magic:  4/4        EV: 11    Int: 14    God:    Lugonu [**....]
Gold:   39         SH:  0    Dex: 12    Spells: 2/2 levels left

rFire    . . .     SeeInvis .     - Unarmed
rCold    . . .     Gourm    .   (no shield)
rNeg     . . .     Faith    .   a - +0 leather armour
rPois    .         Spirit   .   (helmet restricted)
rElec    .         Reflect  .   (no cloak)
rCorr    .         Harm     .   l - +0 pair of gloves
MR       .....                  (no boots)
Stlth    +.........             (no amulet)
HPRegen  0.09/turn              (no ring)
MPRegen  0.09/turn              (no ring)

@: no status effects
A: antennae 1
a: Depart the Abyss, Bend Space, Renounce Religion


You were on level 2 of the Dungeon.
You worshipped Lugonu.
Lugonu was pleased with you.
You were hungry.

You visited 1 branch of the dungeon, and saw 2 of its levels.
You visited the Abyss 1 time.

You collected 39 gold pieces.

Inventory:

Armour
 a - a +0 leather armour (worn)
 l - a +0 pair of gloves (worn)
Scrolls
 d - a scroll of random uselessness {unknown}
 e - 2 scrolls of immolation {unknown}
 f - a scroll of identify {unknown}
 h - a scroll of remove curse {unknown}
 i - a scroll of magic mapping {unknown}
Potions
 c - a potion of heal wounds {unknown}
 g - 2 potions of flight {unknown}
 j - a potion of brilliance {unknown}
Comestibles
 b - 5 rations


   Skills:
 - Level 3.0 Fighting
 - Level 1.7 Armour
 - Level 0.8 Dodging
 + Level 3.7 Unarmed Combat
 - Level 2.4 Invocations


You had 2 spell levels left.
You didn't know any spells.
Your spell library was empty.

Dungeon Overview and Level Annotations

Branches:
Dungeon (2/15)

Altars:


Innate Abilities, Weirdness & Mutations

You have a pair of small antennae on your head.


Message History

The worm is heavily wounded.
You hit the worm. Your punch misses the worm.
The worm is severely wounded.
The worm bites you!
You hit the worm.
The worm is severely wounded.
The worm closely misses you.
You hit the worm but do no damage.
The worm is severely wounded.
You are feeling hungry.
You hit the worm but do no damage.
The worm is severely wounded.
The worm bites you!
* * * LOW HITPOINT WARNING * * *
You hit the worm.
The worm is severely wounded.
You barely miss the worm.
The worm is severely wounded.
The worm bites you!
You die...

#........## #.# ## #.#
#.........# ##+## #.#
##..(....####...## #.#
##รท....####.....## ####.#
##(..####..>....## ##.##.#
##...####.........####...#.###
#.......+.........+.......>...
#....####....w...!####...#.###
#.#.## #...@...# ##.#...##
#.### ##.....## ##.#.#.# #.#
##...## #....##. #.# ##'##
##.###.# #.# #.# #..#.## #.#
#.# #.#.## #.# ####.#####
#.### ... ####........######.#
... ...................#


You could see a worm.

Vanquished Creatures
  An adder (D:2)
  4 dart slugs
  A leopard gecko (D:1)
  A ball python (D:2)
  6 bats
  A giant cockroach (D:1)
  3 goblins (D:1)
  2 hobgoblins (D:1)
  6 jackals
  A frilled lizard (D:1)
  6 kobolds
  2 rats (D:1)
34 creatures vanquished.

Notes
Turn   | Place    | Note
-------+----------+-------------------------------------------
     0 | Abyss:1  | MisterFreud the Demonspawn Abyssal Knight began the quest
                  | for the Orb.
     0 | Abyss:1  | Reached XP level 1. HP: 18/18 MP: 2/2
     7 | Abyss:1  | Found a corrupted altar of Lugonu.
    39 | Abyss:1  | Found a corrupted altar of Lugonu.
    48 | D:1      | Escaped the Abyss
   450 | D:1      | Gained mutation: You have a pair of small antennae on your
                  | head. [demonic ancestry]
   450 | D:1      | Reached XP level 2. HP: 17/24 MP: 3/3
  1311 | D:1      | Reached ** piety under Lugonu
  1311 | D:1      | Reached XP level 3. HP: 9/29 MP: 4/4
  2286 | D:2      | Mangled by a worm

Illustrated notes

Levels and vault maps discovered:
D:1:      saegor_arrival_simple_e, layout_loops_cross
D:2:      layout_loops_corners, serial_glass, glass_columns_a, glass_columns_c,
          glass_columns_a, chequers_ecumenical_altar_grove

Skill      XL: |  1  2 |
---------------+-------+-----
Unarmed Combat | 2 3 |  3.7
Fighting       | |  3.0
Armour         | |  1.7
Dodging        | |  0.8
Invocations    | |  2.4

Action                   || total
-------------------------++-------
Melee: Unarmed           ||   194
       Punch             ||     5
  Eat: Chunk             ||     4
Armor: Leather armour    ||    52
Dodge: Dodged            ||   106
